 Dungeon Crawl Stone Soup version 0.28.0 (webtiles) character file.

Game seed: 1735938859557060009

132 RascalDebosk the Grave Robber (level 4, -1/32 HPs)
             Began as a Demonspawn Necromancer on Feb 14, 2022.
             Slain by an orc (2 damage)
             ... on level 3 of the Dungeon.
             The game lasted 00:26:43 (2288 turns).

RascalDebosk the Grave Robber (DsNe)                Turns: 2288, Time: 00:26:44

Health: -1/32      AC:  5    Str:  9    XL:     4   Next: 92%
Magic:  1/8        EV: 12    Int: 18    God:
Gold:   137        SH:  4    Dex: 13    Spells: 3/8 levels left

rFire   . . .      SeeInvis .   i - +0 dagger
rCold   . . .      Faith    .   (no shield)
rNeg    . . .      Spirit   .   a - +0 robe
rPois   .          Reflect  .   g - +1 hat
rElec   .          Harm     .   (no cloak)
rCorr   .          Rampage  .   c - +0 pair of gloves
Will    .....                   b - +0 pair of boots
Stlth   ++........              (no amulet)
HPRegen 0.10/turn               (no ring)
MPRegen 0.11/turn               (no ring)

@: no status effects
A: condensation shield
a: no special abilities


You were on level 3 of the Dungeon.
You visited 1 branch of the dungeon, and saw 3 of its levels.

You collected 137 gold pieces.

Inventory:

Hand Weapons
 i - a +0 dagger (weapon)
Armour
 a - a +0 robe (worn)
 b - a +0 pair of boots (worn)
 c - a +0 pair of gloves (worn)
 g - a +1 hat (worn)
Magical Staves
 n - a staff of earth
Scrolls
 e - a scroll of identify {unknown}
 f - 2 scrolls of enchant weapon {unknown}
 h - 2 scrolls of magic mapping {unknown}
 l - a scroll of fog {unknown}
 m - a scroll of amnesia {unknown}
Potions
 d - a potion of heal wounds {unknown}
 j - a potion of flight {unknown}
 k - a potion of lignification {unknown}
 o - a potion of attraction {unknown}
 p - a potion of curing {unknown}


   Skills:
 + Level 1.1 Fighting
 + Level 0.9 Short Blades
 + Level 2.3 Dodging
 * Level 2.9 Stealth
 * Level 2.8 Spellcasting
 * Level 5.0 Necromancy


You had 3 spell levels left.
You knew the following spells:

 Your Spells              Type           Power      Damage    Failure   Level
a - Pain                  Necr           80%        1d8       1%          1
b - Animate Skeleton      Necr           40%        N/A       1%          1
c - Vampiric Draining     Necr           20%        2d7       6%          3

Your spell library contained the following spells:

 Spells                   Type           Power      Damage    Failure   Level
 Animate Dead             Necr           10%        N/A       21%         4
 Agony                    Necr           20%        N/A       50%         5


Dungeon Overview and Level Annotations

Branches:
Dungeon (3/15)

Altars:
Xom


Innate Abilities, Weirdness & Mutations

A meltable shield of frost defends you. (SH +4)


Message History

The orc hits you with a +0 whip.
* * * LOW HITPOINT WARNING * * *
You hit the orc but do no damage.
The orc is severely wounded.
The orc hits you with a +0 whip.
* * * LOW HITPOINT WARNING * * *
You hit the orc.
You kill the orc!
You closely miss the orc. Your punch misses the orc.
The orc is lightly wounded.
The orc misses you.
You hit the orc but do no damage.
The orc is lightly wounded.
The orc closely misses you.
You barely miss the orc.
The orc is lightly wounded.
The orc hits you but does no damage.
You hit the orc.
The orc is heavily wounded.
The orc closely misses you.
Your magical contamination has completely faded away.
You hit the orc but do no damage.
The orc is heavily wounded.
The orc completely misses you.
You barely miss the orc.
The orc is heavily wounded.
The orc hits you but does no damage.
Casting: Pain (safe; 1% risk of failure)
Confirm with . or Enter, or press ? or * to list all spells.
Aiming: Vampiric Draining (dangerous; 6% risk of failure)
Press: ? - help, Shift-Dir - straight line, f - orc
Aim: an orc, wielding a +0 whip and wearing a +0 leather armour (heavily wounded)
You draw life force from the orc!
You kill the orc!
You feel life coursing into your body.
You barely miss the orc. The orc barely misses you.
You hit the orc but do no damage.
The orc hits you with a +2 vorpal flail!
* * * LOW HITPOINT WARNING * * *
You die...

#.##..≈≈≈..####...##.####..#...#
#..........# #..[#### #......#
#.##.#..##.# #...# ##.#..### #
.........# #...# #.......
###.####### #...# #....### #.#
##.#.###### #....... #.#
#.###.....# #.....## #.#
##.#o####.####..#.## ..
##@#..oo....#......
###.##...#.####### .... ..#
#.#.## .# #.#.# .. . ..# .# ##
### .


You could see an orc.

Vanquished Creatures
  An orc priest (D:3)
  An orc wizard (D:3)
  An adder (D:3)
  2 worms (D:2)
  3 dart slugs
  6 orcs (D:3)
  8 bats
  2 endoplasms
  A giant cockroach (D:1)
  4 goblins
  7 hobgoblins
  2 jackals (D:2)
  2 quokkas (D:1)
  4 ball pythons
  3 frilled lizards
  5 rats
52 creatures vanquished.

Vanquished Creatures (collateral kills)
  A rat (D:1)
1 creature vanquished.

Grand Total: 53 creatures vanquished

Notes
Turn   | Place    | Note
-------+----------+-------------------------------------------
     0 | D:1      | RascalDebosk the Demonspawn Necromancer began the quest for
                  | the Orb.
     0 | D:1      | Reached XP level 1. HP: 13/13 MP: 3/3
     4 | D:1      | Learned a level 1 spell: Animate Skeleton
   210 | D:1      | Gained mutation: A meltable shield of frost defends you.
                  | (SH +4) [demonic ancestry]
   210 | D:1      | Reached XP level 2. HP: 16/19 MP: 3/5
   825 | D:2      | Found a shimmering altar of Xom.
   868 | D:2      | Reached XP level 3. HP: 19/25 MP: 1/6
  1528 | D:3      | Learned a level 3 spell: Vampiric Draining
  1677 | D:3      | Reached XP level 4. HP: 26/31 MP: 1/7
  1704 | D:3      | Reached skill level 1 in Fighting
  1712 | D:3      | Reached skill level 5 in Necromancy
  2088 | D:3      | Found a faded altar of an unknown god.
  2288 | D:3      | HP: 1/32 [orc (8)]
  2288 | D:3      | Slain by an orc

Illustrated notes

Levels and vault maps discovered:
D:1:      saegor_arrival_simple_d, layout_rooms
D:2:      layout_rooms, basic_altar, st_stairs_1, dk_noncrumbling_4
D:3:      layout_loops_cross, shapermc_ecumenical_altar_mp_highgroup,
          corexii_item_surrounded_by_moat

Skill      XL: |  1  2  3  4 |
---------------+-------------+-----
Stealth        | 2 |  2.9
Dodging        | 2 |  2.3
Fighting       | 1 |  1.1
Necromancy     | 5 |  5.0
Short Blades   | |  0.9
Spellcasting   | |  2.8

Action                   |  1- 3 |  4- 6 || total
-------------------------+-------+-------++-------
Melee: Dagger            |    32 |   102 ||   134
       Punch             |     1 |       ||     1
 Cast: Pain              |    60 |    17 ||    77
       Animate Skeleton  |     5 |     1 ||     6
       Vampiric Draining |       |     1 ||     1
 Stab: Sleeping          |     1 |       ||     1
Armor: Robe              |    11 |    26 ||    37
Dodge: Dodged            |    25 |    55 ||    80
Block: Other             |    11 |     5 ||    16
